 Dungeon Crawl Stone Soup version 0.26.0-10-g1f06aea511 (webtiles) character file.

Game seed: 8666836719405928500

49 sanka the Firebug (level 3, -3/26 HPs)
             Began as a Ghoul Fire Elementalist on Jan 18, 2021.
             Slain by Terence
             ... wielding a +0 flail
              (8 damage)
             ... on level 1 of the Dungeon.
             The game lasted 00:05:04 (2227 turns).

sanka the Firebug (Ghoul Fire Elementalist)         Turns: 2227, Time: 00:05:05

Health: -3/26      AC:  2    Str: 11    XL:     3   Next: 75%
Magic:  5/5        EV: 12    Int: 11    God:
Gold:   110        SH:  0    Dex:  9    Spells: 5/6 levels left

rFire    . . .     SeeInvis .   b - +0 short sword
rCold    + . .     Faith    .   (no shield)
rNeg     + + +     Spirit   .   a - +0 robe
rPois    ∞         Reflect  .   (no helmet)
rElec    .         Harm     .   (no cloak)
rCorr    .         Rampage  .   (no gloves)
Will     .....                  (no boots)
Stlth    ++........             (no amulet)
HPRegen  0.00/turn              (no ring)
MPRegen  0.09/turn              (no ring)

@: no status effects
A: claws 1, cold resistance 1, negative energy resistance 3, inhibited
regeneration, torment resistance, unbreathing
a: no special abilities


You were on level 1 of the Dungeon.
You visited 1 branch of the dungeon, and saw 2 of its levels.

You collected 110 gold pieces.


Innate Abilities, Weirdness & Mutations

You thrive by killing the living.
You are immune to poison.
You have sharp fingernails.
Your flesh is cold resistant. (rC+)
You are immune to negative energy. (rN+++)
You do not regenerate when monsters are visible.
You are immune to unholy pain and torment.
You can survive without breathing.


   Skills:
 - Level 1.7 Dodging
 - Level 2.1 Stealth
 - Level 2.0 Spellcasting
 + Level 2.5 Conjurations
 + Level 2.5 Fire Magic


You had 5 spell levels left.
You knew the following spells:

 Your Spells              Type           Power        Failure   Level
z - Foxfire               Conj/Fire      24%          11%         1

Your spell library contained the following spells:

 Spells                   Type           Power        Failure   Level
 Conjure Flame            Conj/Fire      6%           30%         3
 Inner Flame              Hex/Fire       3%           45%         3
 Sticky Flame             Conj/Fire      6%           71%         4
 Fireball                 Conj/Fire      3%           96%         5

Inventory:

Hand Weapons
 b - a +0 short sword (weapon)
Armour
 a - a +0 robe (worn)
Scrolls
 d - 2 scrolls of fear {unknown}
 e - a scroll of fog {unknown}
 f - 3 scrolls of teleportation {unknown}
 g - 4 scrolls of enchant weapon {unknown}
 h - a scroll of remove curse {unknown}
Potions
 c - a potion of lignification

Dungeon Overview and Level Annotations

Branches:
Dungeon (2/15)

Altars:

Annotations:
D:1 Terence

▒.▒ ▒▒▒▒.<.▒▒▒▒ ▒.▒
▒▒▒..'...'..▒▒▒ ▒.▒
▒▒..▒▒▒▒'▒▒▒▒..▒▒ ▒▒.▒
▒.▒▒▒ ▒.▒ ▒▒▒.▒ ▒..▒
▒▒▒▒ ▒▒▒▒.▒ ▒▒. ▒.▒▒
▒.▒ ▒.▒.▒▒ ▒▒ ▒▒▒.▒
▒.▒ ▒.▒.▒▒▒ ▒...▒ ▒.▒
▒.....▒ ▒.▒▒▒ ▒n▒
▒.....▒▒ ▒.▒ ▒@▒
▒......▒ ▒.▒ ▒.▒
▒...)..▒ ▒▒ ▒.▒ ▒.▒
▒......▒ ▒. ▒.▒
▒▒▒▒▒.▒▒▒▒▒)..▒.▒▒▒▒▒.
▒.▒
▒.........>)▒...▒...).
▒.▒
▒.▒▒▒.▒▒▒▒▒...▒.▒.....
▒.▒ ▒.▒ ▒.▒
▒▒.▒▒.▒..... ▒.▒ ▒.▒
▒.▒ ▒.▒▒.▒.....


You could see Terence.


Message History

You conjure some foxfire!
Terence hits you with a +0 flail.
* * * LOW HITPOINT WARNING * * *
Unknown command.
The foxfire hits Terence.
Terence is moderately wounded.
The foxfire hits Terence but does no damage.
Terence is moderately wounded.
Terence says, "Rest in peace."
Terence says, "Time to say good-bye..."
There is an open door here.
There is an open door here.
There is a stone staircase leading down here.
It was a potion of lignification.
You feel woody for a moment. Terence closely misses you.
Okay, then.
You barely miss Terence.
Terence is moderately wounded.
Terence closely misses you.
You closely miss Terence.
Terence is moderately wounded.
Terence barely misses you.
You hit Terence but do no damage.
Terence is moderately wounded.
Terence barely misses you.
You hit Terence.
Terence is heavily wounded.
Terence hits you with a +0 flail!
You die...

Action                   || total
-------------------------++-------
Melee: Unarmed           ||     9
       Short sword       ||    57
 Cast: Foxfire           ||    56
  Use: Potion            ||     1
Armor: Robe              ||    15
Dodge: Dodged            ||    68

Levels and vault maps discovered:
D:1:      dpeg_arrival_radiant, layout_loops_ring, chequers_decorated_corner
D:2:      layout_loops_ring, kennysheep_potato, uniq_crazy_yiuf_cottage,
          uniq_terence, uniq_jessica, uniq_sigmund

Notes
Turn   | Place    | Note
-------+----------+-------------------------------------------
     0 | D:1      | sanka the Ghoul Fire Elementalist began the quest for the
                  | Orb.
     0 | D:1      | Reached XP level 1. HP: 14/14 MP: 2/2
    53 | D:1      | Reached skill level 2 in Spellcasting
    92 | D:1      | Reached skill level 1 in Conjurations
   144 | D:1      | Reached XP level 2. HP: 20/20 MP: 2/4
   496 | D:1      | Reached skill level 2 in Conjurations
   738 | D:1      | Reached XP level 3. HP: 24/26 MP: 1/5
  1727 | D:2      | Noticed Terence
  2227 | D:1      | Slain by Terence

Vanquished Creatures
  2 dart slugs (D:1)
  4 bats
  3 giant cockroaches (D:1)
  8 goblins
  8 hobgoblins
  4 jackals (D:1)
  A frilled lizard (D:2)
  6 kobolds (D:1)
  4 rats
40 creatures vanquished.

Vanquished Creatures (others)
  99 foxfires
99 creatures vanquished.

Grand Total: 139 creatures vanquished

Table legend: (Time is in decaauts)
 A = Elapsed time spent in this place.
 B = Non-inter-level travel time spent in this place.
 C = Inter-level travel time spent in this place.
 D = Time resting spent in this place.
 E = Time spent auto-exploring this place.
 F = Levels seen in this place.
 G = Mean time per level.
                   A        B        C        D        E       F      G
               +--------+--------+--------+--------+--------+-----+--------+
         Total |   2235 |   2218 |     17 |   1037 |    627 |   2 | 1117.5 |
       Dungeon |   2235 |   2218 |     17 |   1037 |    627 |   2 | 1117.5 |
               +--------+--------+--------+--------+--------+-----+--------+

Top non-repeatable levels by time:
     D:1: 1878 daAuts
     D:2: 356 daAuts
